 Dungeon Crawl Stone Soup version 0.26.1-11-gd32895ea62 (webtiles) character file.

Game seed: 15378772428287726126

301 Tirrikindir the Slasher (level 6, -7/43 HPs)
             Began as an Octopode Fighter on June 21, 2021.
             Splashed by a jelly's acid (8 damage)
             ... on level 6 of the Dungeon.
             The game lasted 00:08:08 (3126 turns).

Tirrikindir the Slasher (Octopode Fighter)          Turns: 3126, Time: 00:08:09

Health: -7/43      AC:  1    Str: 16    XL:     6   Next: 37%
Magic:  15/15      EV: 12    Int: 11    God:
Gold:   165        SH:  9    Dex: 12    Spells: 5/5 levels left

rFire    . . .     SeeInvis .   a - +1 long sword
rCold    . . .     Faith    .   b - +0 kite shield
rNeg     . . .     Spirit   .   (helmet restricted)
rPois    .         Reflect  .   (no amulet)
rElec    .         Harm     .   n - ring of magical power
rCorr    .         Rampage  .   (no ring)
Will     .....                  (no ring)
Stlth    +++.......             (no ring)
HPRegen  0.14/turn              (no ring)
MPRegen  0.14/turn              (no ring)
                                (no ring)
                                (no ring)

@: no status effects
A: almost no armour, stealthy swim, amphibious, 8 rings, constrict 8, camouflage
1, gelatinous body 1
a: no special abilities


You were on level 6 of the Dungeon.
You visited 1 branch of the dungeon, and saw 5 of its levels.

You collected 165 gold pieces.

Inventory:

Hand Weapons
 a - a +1 long sword (weapon)
 d - a +0 short sword
Missiles
 o - 2 boomerangs (quivered)
Armour
 b - a +0 kite shield (worn)
Jewellery
 n - a ring of magical power (left tentacle)
Scrolls
 h - 2 scrolls of remove curse
Potions
 c - 2 potions of heal wounds
 e - a potion of lignification
 f - a potion of cancellation {unknown}
 g - a potion of flight
 i - 2 potions of haste
 m - a potion of attraction {unknown}


   Skills:
 + Level 3.9 Fighting
 * Level 4.0 Long Blades
 + Level 3.9 Dodging
 + Level 3.2 Stealth
 + Level 3.8 Shields


You had 5 spell levels left.
You didn't know any spells.
Your spell library was empty.

Dungeon Overview and Level Annotations

Branches:
Dungeon (4/15)
 Temple: D:4-7

Altars:
Cheibriados
Trog
Vehumet
Wu Jian


Innate Abilities, Weirdness & Mutations

You cannot wear most types of armour.
You are very stealthy in the water. (Stealth+)
You are amphibious.
You can wear up to eight rings at the same time.
You can use your tentacles to constrict eight enemies at once.
Your skin changes colour to match your surroundings (Stealth+).
Your rubbery body absorbs attacks. (AC +1, EV +1)


Message History

You kill the orc!
The orc wizard casts a spell.
The orc wizard blinks!
You block the orc's attack.
Things that are here:
a +0 dagger; a +0 chain mail; an orc corpse The orc wizard mumbles some strange words.
The orc wizard blinks!
The orc completely misses you. The orc hits you with a +0 hand axe.
* * * LOW HITPOINT WARNING * * *
You hit the orc. Your grab misses the orc. You squeeze the orc.
The orc is heavily wounded.
The orc wizard casts a spell.
The orc wizard seems to speed up.
The orc closely misses you.
You block the orc's attack. x3; The orc barely misses you.
You slash the orc!
You kill the orc!
The jelly hits you.
* * * LOW HITPOINT WARNING * * *
You are splashed with acid!
You die...

.......###.....
.............#.....#
...................#
........./.........#
...................#
..................##
..............o)...#
..............J@...#
..............o)...#
...................#
................o..#
..................##
................###
.................#
##............##.#
#####.......## ..


You could see a jelly, an orc wizard (fast) and 2 orcs.

Vanquished Creatures
  A hound (D:3)
  An orc wizard (D:3)
  A worker ant (D:4)
  A killer bee zombie (D:6)
  A hound skeleton (D:4)
  5 adders
  4 gnolls
  An ooze (D:4)
  4 worms
  4 dart slugs
  2 leopard geckos
  13 orcs
  2 ball pythons
  3 giant cockroaches
  6 goblins
  6 hobgoblins
  5 kobolds
  A quokka (D:3)
  3 bats
  3 frilled lizards
  A jackal skeleton (D:4)
  6 rats
74 creatures vanquished.

Vanquished Creatures (others)
  9 plants (D:3)
9 creatures vanquished.

Grand Total: 83 creatures vanquished

Notes
Turn   | Place    | Note
-------+----------+-------------------------------------------
     0 | D:1      | Tirrikindir the Octopode Fighter began the quest for the
                  | Orb.
     0 | D:1      | Reached XP level 1. HP: 16/16 MP: 1/1
   160 | D:1      | Reached XP level 2. HP: 21/21 MP: 2/2
   338 | D:1      | Reached skill level 1 in Stealth
   474 | D:1      | Reached XP level 3. HP: 26/26 MP: 3/3
   797 | D:2      | Found a bloodstained altar of Trog.
   808 | D:2      | Found a radiant altar of Vehumet.
   922 | D:2      | Reached skill level 3 in Long Blades
   922 | D:2      | Reached XP level 4. HP: 18/31 MP: 4/4
  1777 | D:2      | Found an ornate altar of the Wu Jian Council.
  2007 | D:3      | Reached XP level 5. HP: 14/36 MP: 5/5
  2633 | D:3      | Noticed a torpor snail
  2636 | D:3      | Found a snail-covered altar of Cheibriados.
  2914 | D:4      | Reached XP level 6. HP: 28/43 MP: 6/6
  3078 | D:4      | Reached skill level 4 in Long Blades
  3104 | D:4      | You fall into a shaft and drop 2 floors!
  3124 | D:6      | HP: 2/43 [orc/+0 hand axe (5)]
  3126 | D:6      | Splashed by a jelly's acid

Illustrated notes

Levels and vault maps discovered:
D:1:      psy_arrival_fountain, layout_loops_ring
D:2:      layout_loops_corners, minitemple, nzn_wu_jian_council_hall
D:3:      layout_rooms, cheibriados_altar_2, serial_forest,
          infiniplex_forest_clump_curved, infiniplex_forest_lined_room_2,
          infiniplex_forest_clump_small, infiniplex_forest_clump_curved,
          hex_tiny
D:4:      layout_loops_ring, chequers_temple_overflow_minitemple,
          minmay_temple_entry_large_hall, gup_sewer_entry_glass,
          kennysheep_cluttered_room
D:6:      layout_cave_pods, kennysheep_mini, led_sif_pool, basic_altar

Skill      XL: |  1  2  3  4  5  6 |
---------------+-------------------+-----
Stealth        | 1 2 3 |  3.2
Long Blades    | 3 4 |  4.0
Fighting       | |  3.9
Dodging        | |  3.9
Shields        | |  3.8

Action                   |  1- 3 |  4- 6 || total
-------------------------+-------+-------++-------
Melee: Long sword        |    38 |   103 ||   141
       Constrict         |    11 |    31 ||    42
       Tentacles         |     5 |    20 ||    25
Throw: Boomerang         |       |     5 ||     5
  Use: Scroll            |     2 |     8 ||    10
       Potion            |     1 |       ||     1
 Stab: Sleeping          |     9 |    11 ||    20
       Distracted        |     1 |       ||     1
Armor: Skin              |     2 |     5 ||     7
Dodge: Dodged            |     9 |    41 ||    50
Block: Kite shield       |    12 |    50 ||    62
       Rpst.: Long sword |       |     9 ||     9
